 Dungeon Crawl Stone Soup version 0.22-a0-322-g60b3cfd (webtiles) character file.

765 Kairos the Chopper (level 8, -1/61 HPs)
             Began as a Human Fighter on Apr 3, 2018.
             Was an Initiate of Okawaru.
             Splashed by Pikel's acid (7 damage)
             ... on level 4 of the Dungeon.
             The game lasted 00:09:46 (4691 turns).

Kairos the Chopper (Human Fighter)                  Turns: 4691, Time: 00:09:48

Health: -1/61      AC:  4    Str: 16    XL:     8   Next: 8%
Magic:  0/8        EV:  8    Int: 10    God:    Okawaru [......]
Gold:   259        SH: 11    Dex: 16    Spells: 7/7 levels left

rFire    . . .     SeeInvis .   e - +2 hand axe (chop)
rCold    . . .     Gourm    .   c - +1 shield
rNeg     . . .     Faith    .   b - +0 scale mail
rPois    .         Spirit   +   u - +0 helmet
rElec    .         Reflect  .   j - scarf {Spirit}
rCorr    .         Harm     .   (no gloves)
MR       .....                  (no boots)
Stlth    ..........             (no amulet)
HPRegen  0.20/turn              h - +2 ring of dexterity
MPRegen  0.11/turn              (no ring)

@: corroded
A: no striking features
a: Renounce Religion


You were on level 4 of the Dungeon.
You worshipped Okawaru.
Okawaru was noncommittal.
You were very hungry.

You visited 2 branches of the dungeon, and saw 5 of its levels.
You also visited: Sewer.

You collected 259 gold pieces.

Inventory:

Hand Weapons
 a - a +0 war axe
 e - a +2 hand axe of chopping (weapon)
Armour
 b - a +0 scale mail (worn)
 c - a +1 shield (worn)
 j - a scarf of spirit shield (worn)
 u - a +0 helmet (worn)
Jewellery
 h - a +2 ring of dexterity (left hand)
Scrolls
 i - 2 scrolls of remove curse
 l - 2 scrolls of amnesia
 o - a scroll of blinking {unknown}
 p - a scroll of magic mapping
 w - a scroll of teleportation
Potions
 d - a potion of might
 g - 7 potions of curing {unknown}
 k - a potion of magic {unknown}
 n - 3 potions of flight {unknown}
 q - a potion of haste {unknown}
 r - 2 potions of invisibility {unknown}
 s - a potion of heal wounds {unknown}
 v - a potion of degeneration {unknown}
Comestibles
 f - 11 rations


   Skills:
 + Level 4.3 Fighting
 + Level 5.3 Axes
 + Level 4.9 Armour
 + Level 1.6 Dodging
 + Level 0.6 Stealth
 + Level 4.7 Shields


You had 7 spell levels left.
You didn't know any spells.

Dungeon Overview and Level Annotations

Branches:
Dungeon (4/15)             Temple (1/1) D:4

Altars:
Cheibriados
Dithmenos
Elyvilon
Fedhas
Gozag
Kikubaaqudgha
Makhleb
Nemelex Xobeh
Okawaru
Ru
Uskayaw
Vehumet
Wu Jian
Xom
Yredelemnul
Zin
The Shining One

Annotations:
D:4 Pikel


Message History

Pikel zaps a wand.
The bolt of acid hits you!
You are splashed with acid!
The acid burns!
You hit Pikel but do no damage.
Pikel is heavily wounded.
You block Pikel's attack.
You closely miss Pikel.
Pikel is heavily wounded.
You block Pikel's attack.
Your shield and scale mail prevent you from hitting Pikel.
Pikel is heavily wounded.
Pikel hits you with a whip of freezing. Pikel freezes you.
You barely miss Pikel.
Pikel is moderately wounded.
Pikel barely misses you.
You closely miss Pikel.
Pikel is moderately wounded.
Pikel zaps a wand.
The bolt of acid hits you!
* * * LOW HITPOINT WARNING * * *
The acid corrodes you!
You are splashed with acid!
The acid burns!
You die...

..####.#######.##### #......
⌠## #........p....# #.#...# ##
#######.#####p# #.##.## # #.#
#.# ##.##.# #.# #.# ##...#.#
**### #p# #.######......#
,,.?# #K# #......p......#
**#.# #.############..<..##
#.# #....@Kp#######...##
###.########..####pp........##
......K..?##..# ############
.##.####..†#..#
..#.###..p....#
.......p...#[## .?##.####(##.#
.#*#K# #.##.# .###.####.##.#


You could see Pikel and 3 slaves.

Vanquished Creatures
  Grinder (D:2)
  A slave (D:4)
  A centaur (D:4)
  A big kobold (Sewer)
  A scorpion (D:4)
  A howler monkey (D:4)
  3 orc priests
  An orc wizard (D:3)
  Natasha (D:4)
  Robin (D:3)
  A river rat (D:4)
  6 adders
  6 worms (D:2)
  A dart slug (D:2)
  6 leopard geckos
  10 orcs
  4 giant cockroaches (D:4)
  10 goblins
  8 hobgoblins
  10 jackals
  10 kobolds
  3 quokkas
  5 ball pythons (D:4)
  8 bats
  6 frilled lizards
  5 rats
111 creatures vanquished.

Notes
Turn   | Place    | Note
-------+----------+-------------------------------------------
     0 | D:1      | Kairos the Human Fighter began the quest for the Orb.
     0 | D:1      | Reached XP level 1. HP: 18/18 MP: 1/1
    99 | D:1      | Reached XP level 2. HP: 21/24 MP: 2/2
   702 | D:2      | Reached XP level 3. HP: 21/29 MP: 1/3
  1116 | D:2      | Reached XP level 4. HP: 32/35 MP: 4/4
  1239 | D:2      | Found a burning altar of Makhleb.
  1848 | D:3      | Reached XP level 5. HP: 26/41 MP: 3/5
  1858 | D:3      | Reached skill level 3 in Axes
  1900 | D:3      | Noticed Grinder
  2083 | D:3      | Paralysed by Grinder for 2 turns
  2090 | D:3      | Paralysed by Grinder for 3 turns
  2098 | D:3      | Paralysed by Grinder for 5 turns
  2112 | D:2      | Paralysed by Grinder for 6 turns
  2267 | D:2      | Paralysed by Grinder for 6 turns
  2272 | D:2      | HP: 2/42 [Grinder/nerve-wracking pain (13)]
  2274 | D:2      | Killed Grinder
  2274 | D:2      | Reached skill level 4 in Axes
  2274 | D:2      | Reached skill level 1 in Dodging
  2274 | D:2      | Reached XP level 6. HP: 2/48 MP: 1/6
  2719 | D:3      | Reached XP level 7. HP: 54/54 MP: 7/7
  2762 | D:3      | Noticed Robin
  2768 | D:3      | Killed Robin
  2920 | D:3      | Found a basalt altar of Yredelemnul.
  3288 | D:4      | Found a snail-covered altar of Cheibriados.
  3397 | D:4      | Found a glowing drain.
  3413 | Sewer    | Entered a sewer
  3508 | Sewer    | Found a white marble altar of Elyvilon.
  3574 | D:4      | Found a shimmering altar of Xom.
  3710 | D:4      | Found a staircase to the Ecumenical Temple.
  3783 | Temple   | Entered the Ecumenical Temple
  4008 | Temple   | Became a worshipper of Warmaster Okawaru
  4095 | D:4      | Noticed Natasha
  4100 | D:4      | Reached skill level 5 in Axes
  4111 | D:4      | Killed Natasha
  4154 | D:4      | Found a sparkling altar of Nemelex Xobeh.
  4183 | D:4      | Noticed Pikel
  4546 | D:4      | Reached XP level 8. HP: 49/61 MP: 5/8
  4691 | D:4      | Splashed by Pikel's acid

Vault maps used:
D:1:      scummos_arrival_forest
D:2:      bloody_makhleb, minmay_bisected
D:3:      yredelemnul_altar_generic, first_ration, uniq_grinder, uniq_robin
D:4:      cheibriados_altar_1, nemelex_xobeh_ov_fountains_minmay,
          minmay_temple_entry_butterflies, portal_sewer_entry_e,
          xom_teletrap_fun, uniq_natasha, uniq_pikel
Temple:   oiseaux_autumnal_temple
Sewer:    sewer_kobolds

Skill      XL: |  1  2  3  4  5  6  7 |
---------------+----------------------+-----
Axes           | 4 5 |  5.3
Fighting       | 4 |  4.3
Armour         | 4 |  4.9
Dodging        | 1 |  1.6
Shields        | 4 |  4.7
Stealth        | |  0.6

Action                   |  1- 3 |  4- 6 |  7- 9 || total
-------------------------+-------+-------+-------++-------
Melee: Hand axe          |    96 |    92 |   163 ||   351
       War axe           |     4 |       |       ||     4
  Use: Scroll            |       |     4 |     7 ||    11
  Eat: Chunk             |       |     6 |     5 ||    11
Armor: Scale mail        |    49 |    37 |    73 ||   159
Dodge: Dodged            |    20 |    23 |    42 ||    85
Block: Shield            |    50 |    40 |    90 ||   180

Table legend:
 A = Spawn XP
 B = Non-spawn XP
 C = Spawn XP percentage of total XP
 D = Spawn monster count
 E = Non-spawn monster count
 F = Spawn count percentage of total count
 G = Total turns spent on level
                    A         B        C        D         E        F      G
               +---------+---------+-------+---------+---------+-------+---------
         Total |       0 |    1093 |   0.0 |       0 |     110 |   0.0 |  4691
               +---------+---------+-------+---------+---------+-------+---------
           D:1 |       0 |      28 |   0.0 |       0 |      17 |   0.0 |   675
           D:2 |       0 |     340 |   0.0 |       0 |      20 |   0.0 |  1599
           D:3 |       0 |     259 |   0.0 |       0 |      44 |   0.0 |  1283
           D:4 |       0 |     363 |   0.0 |       0 |      21 |   0.0 |   731
         Sewer |       0 |     103 |   0.0 |       0 |       8 |   0.0 |   146
               +---------+---------+-------+---------+---------+-------+---------
